Unix NetHack Version 3.7.0-73 Work-in-progress - last build Feb 17 2023 02:16:44 (48fe2e8c4a70f1d2d5b622443eb9b5bc1b8d05f7,branch:master). Game began 2023-02-24 20:25:13, ended 2023-02-24 20:37:21. Gandelf, neutral male human Monk ------------- |...........+ -------------- |...........| ## .............+ |........%.<-############ .............| |...........| ####### ..............| ------------- #...............| # --------------- ####@u Gandelf the Initiate St:18/02 Dx:13 Co:9 In:13 Wi:14 Ch:8 Neutral S:1671 Dlvl:6 $:109 HP:0(48) Pw:36(41) AC:2 Xp:6/328 T:2019 Burdened Latest messages: Never mind. You climb up the stairs. What do you want to drop? [$a-uw-zA-DF-RT-Z or ?*] $ You drop 190 gold pieces. You fall down the stairs. You hit the leprechaun! The leprechaun wakes up! The leprechaun screams! The leprechaun drinks a pink potion! The leprechaun is suddenly moving faster. You hit the leprechaun! You kill the leprechaun! Welcome to experience level 6. You have a little trouble lifting $ - 92 gold pieces. You see here a chest. Hmmm, the chest turns out to be locked. Unlock it with your key? [ynq] (q) y You succeed in unlocking the chest. You have a little trouble removing v - a brilliant blue potion. You have a little trouble removing E - an effervescent potion. You have a little trouble removing S - a potion of speed. You have a little trouble removing q - 2 yellow gems (5 in total). Your knapsack cannot accommodate any more items. You have a little trouble lifting $ - 17 gold pieces (109 in total). You see here an unlocked chest containing 2 items. You see here 11 crossbow bolts. You fall down the stairs. The hobbit wields a runed dagger! You kill the hobbit! The door opens. The white unicorn butts! The white unicorn kicks! The white unicorn misses! The white unicorn kicks! You miss the white unicorn. The white unicorn misses! The white unicorn kicks! You miss the white unicorn. The white unicorn butts! The white unicorn misses! The white unicorn misses! The white unicorn misses! The white unicorn butts! The white unicorn kicks! Your hands begin to glow red. The white unicorn butts! The white unicorn misses! The white unicorn butts! You die... Do you want your possessions identified? [ynq] (y) q Inventory: Coins $ - 109 gold pieces Weapons s - 16 +0 arrows R - a +0 bow Q - 22 +0 darts r - a +0 dagger y - a +0 aklys m - a cursed +0 dwarvish mattock Armor a - an uncursed +2 pair of leather gloves (being worn) z - an uncursed +0 pair of iron shoes (being worn) A - an uncursed +0 dwarvish cloak D - an uncursed +0 dwarvish cloak P - a cursed -1 dwarvish cloak b - an uncursed +1 robe (being worn) Comestibles g - 5 uncursed apples M - an uncursed carrot l - a cursed carrot f - 4 uncursed food rations i - 3 uncursed fortune cookies J - an uncursed fortune cookie F - 2 uncursed lembas wafers h - 7 uncursed oranges V - an uncursed tripe ration u - an uncursed egg Scrolls j - an uncursed scroll of destroy armor W - an uncursed scroll of enchant armor G - a cursed scroll of food detection p - a blessed scroll of punishment H - an uncursed scroll of punishment d - an uncursed scroll of teleportation Spellbooks c - a blessed spellbook of confuse monster K - an uncursed spellbook of detect treasure X - an uncursed spellbook of identify I - an uncursed spellbook of protection Potions t - an uncursed potion of enlightenment v - an uncursed potion of extra healing e - 3 uncursed potions of healing E - an uncursed potion of restore ability U - a blessed potion of speed S - an uncursed potion of speed o - 2 uncursed potions of water N - a potion of unholy water Rings T - an uncursed ring of fire resistance (on right hand) Wands Z - a wand of magic missile (0:6) Tools Y - a bag of tricks (0:15) O - a horn of plenty (0:16) B - a +0 pick-axe k - a cursed skeleton key n - a cursed tin whistle Gems/Stones x - 3 uncursed worthless pieces of green glass w - 2 uncursed worthless pieces of orange glass q - 5 uncursed worthless pieces of yellow glass L - an uncursed worthless piece of yellowish brown glass C - an uncursed luckstone Gandelf the Monk's attributes: Background: You were an Initiate, a level 6 male human Monk. You were neutral, nominally on a mission for Chih Sung-tzu who was opposed by Shan Lai Ching (lawful) and Huan Ti (chaotic). You were in the Dungeons of Doom, on level 6. You entered the dungeon 2019 turns ago. You had 328 experience points, 312 more were needed to attain level 7. Your score was 1671 before end-of-game adjustments. Basics: You had 0 out of 48 hit points. You had 36 out of 41 energy points (spell power). Your armor class was 2. Your wallet contained 109 zorkmids. Autopickup was on for '$?!+/=' plus thrown. Final Characteristics: Your strength was 18/02 (limit:18/100). Your dexterity was 13 (limit:18). Your constitution was 9 (limit:18). Your intelligence was 13 (limit:18). Your wisdom was 14 (limit:18). Your charisma was 8 (limit:18). Final Status: You were not hungry. You were burdened; movement was slightly slowed. You were empty handed. You had basic skill with martial arts. Final Attributes: You were devoutly aligned. You were fire resistant. Your items were protected from fire. You were sleep resistant. You were poison resistant. You saw invisible. You would have confused monsters when hitting them. You were stealthy. You were guarded. You were fast. You were lucky. You had extra luck. Bad luck did not time out for you. Good luck did not time out for you. You are dead. Miscellaneous: You never encountered a bones level. Total elapsed playing time was 12 minutes and 8 seconds. Major events: Turn 1: Gandelf the neutral male human Monk entered the dungeon 842: entered the Gnomish Mines 859: attained the rank of Novice (level 3) 1949: attained the rank of Initiate (level 6) 2019: killed by a white unicorn Vanquished creatures: a leprechaun 2 imps 2 gnome leaders a straw golem 5 giant ants a kitten 3 dwarves 2 rothes a giant bat an iguana an acid blob a hobbit 2 brown molds a yellow mold 12 gnomes 2 jackals a fox a kobold 2 goblins 4 grid bugs a lichen a kobold zombie 4 newts 52 creatures vanquished. No species were genocided or became extinct. Voluntary challenges: You followed a strict vegan diet. You were an atheist. You never hit with a wielded weapon. You were illiterate. You never engraved Elbereth. You never genocided any monsters. You never polymorphed an object. You never changed form. You used no wishes. Achievements: You entered the Gnomish Mines. You attained the rank of Novice. You attained the rank of Initiate. The Dungeons of Doom: levels 1 to 6 Level 1: Level 2: Level 3: Stairs down to The Gnomish Mines. Level 4: A grave. Level 5: Level 6: <- You were here. Final resting place for you, killed by a white unicorn. The Gnomish Mines: levels 4 to 5 Level 4: Level 5: Game over: ---------- / \ / REST \ / IN \ / PEACE \ / \ | Gandelf | | 109 Au | | killed by a | | white unicorn | | | | | | 2023 | *| * * * | * _________)/\\_//(\/(/\)/\//\/|_)_______ Goodbye Gandelf the Monk... You died in The Dungeons of Doom on dungeon level 6 with 1661 points, and 109 pieces of gold, after 2019 moves. You were level 6 with a maximum of 48 hit points when you died.